 Dungeon Crawl Stone Soup version 0.19.0-22-gd96e5fe (webtiles) character file.

1724 muxecoid the Archer (level 8, -7/85 HPs)
             Began as a High Elf Wanderer on Nov 18, 2016.
             Was an Initiate of Okawaru.
             Mangled by a hornet (9 damage)
             ... on level 6 of the Dungeon.
             The game lasted 00:30:11 (7117 turns).

muxecoid the Archer (High Elf Wanderer)             Turns: 7117, Time: 00:30:11

Health: -7/85      AC: 24    Str: 10    XL:     8   Next: 75%
Magic:  11/11      EV:  2    Int: 18    God:    Okawaru [......]
Gold:   240        SH:  0    Dex: 21    Spells: 1 memorised, 7 levels left

rFire  . . .     SeeInvis .     y - -3 scimitar (curse)
rCold  + + .     Gourm    .     (armour currently unavailable)
rNeg   + + +     Faith    .     (no shield)
rPois  +         Spirit   .     (helmet currently unavailable)
rElec  .         Reflect  .     (cloak currently unavailable)
rCorr  .         Harm     .     (gloves currently unavailable)
MR     .....     NoTele   +     (boots currently unavailable)
Stlth  +++.......               (no amulet)
                                (no ring)
                                w - ring of Satyriasis {rPois rC++ rN+}

@: agile, lethally poisoned (-7 -> -11), tree-form
A: no striking features
a: Renounce Religion


You were on level 6 of the Dungeon.
You worshipped Okawaru.
Okawaru was noncommittal.
You were hungry.
You were a tree.
You visited 2 branches of the dungeon, and saw 8 of its levels.

You collected 240 gold pieces.

Inventory:

Hand Weapons
 c - a +0 shortbow
 h - a +1 spear of freezing
 r - a +0 long sword
 y - a cursed -3 scimitar (weapon)
Missiles
 d - 99 arrows
Armour
 a - a +2 scale mail
 g - a +0 helmet (melded)
 t - a +1 cloak (melded)
 B - a +0 pair of boots (melded)
 C - a +0 leather armour (melded)
Magical Staves
 n - an uncursed staff of death
Jewellery
 w - the ring of Satyriasis (left branch) {rPois rC++ rN+}
   (You found it on level 5 of the Dungeon)

   [ring of positive energy]

   It greatly protects you from cold.
   It protects you from poison.
   It protects you from negative energy.
Wands
 l - a wand of flame (17/48)
 u - a wand of disintegration (0/24)
 x - a wand of lightning (10/15)
Scrolls
 i - 8 scrolls of identify
 j - 2 scrolls of magic mapping
 m - 2 scrolls of enchant weapon
Potions
 b - a potion of magic
 e - a potion of agility
 k - a potion of haste {unknown}
 o - 2 potions of heal wounds {unknown}
 p - a potion of flight {unknown}
 z - a potion of curing {unknown}
Books
 q - a book of Minor Magic

   Spells                             Type                      Level
   a - Magic Dart                     Conjuration                  1
   b - Blink                          Translocation                2
   c - Call Imp                       Summoning                    2
   d - Repel Missiles                 Charms/Air                   2
   e - Slow                           Hexes                        2
   f - Conjure Flame                  Conjuration/Fire             3
   g - Mephitic Cloud                 Conjuration/Poison/Air       3
 s - a book of Changes

   Spells                             Type                      Level
   a - Beastly Appendage              Transmutation                1
   b - Sticks to Snakes               Transmutation                2
   c - Spider Form                    Transmutation/Poison         3
   d - Ice Form                       Ice/Transmutation            4
   e - Blade Hands                    Transmutation                5
Comestibles
 f - 8 bread rations
 v - 3 meat rations
 D - a royal jelly
 F - 4 fruits


   Skills:
 - Level 6.0 Fighting
 + Level 7.0 Long Blades
 + Level 8.9 Bows
 - Level 2.1 Armour
 + Level 3.7 Dodging
 - Level 1.0 Stealth
   Level 1.7 Shields
 + Level 1.5 Spellcasting
 - Level 2.1 Conjurations
 - Level 4.0 Air Magic
 + Level 0.8 Poison Magic
 + Level 0.6 Evocations


You had 7 spell levels left.
You knew the following spells:

 Your Spells              Type           Power        Failure   Level  Hunger
a - Mephitic Cloud        Conj/Pois/Air  #.......     24%         3    ####...


Dungeon Overview and Level Annotations

Branches:
Dungeon (7/15)             Temple (1/1) D:5

Altars:
Ashenzari
Cheibriados
Dithmenos
Elyvilon
Fedhas
Gozag
Hepliaklqana
Kikubaaqudgha
Makhleb
Nemelex Xobeh
Okawaru
Qazlal
Ru
Sif Muna
Trog
Uskayaw
Vehumet
Xom
Yredelemnul
Zin
The Shining One

Shops:
D:4 *

Annotations:
D:3 Grinder


Message History

You can move again.
You turn into a tree.
Your +1 cloak melds into your body.
Your +0 helmet melds into your body.
Your +0 pair of boots melds into your body.
Your +0 leather armour melds into your body.
Your roots penetrate the ground.
The hornet stings you but does no damage. x2
Okay, then.
It was a potion of magic.
Magic courses through your body.
You feel yourself speed up. The hornet stings you.
* * * LOW HITPOINT WARNING * * *
You are lethally poisoned!
The hornet stings you but does no damage.
It was a potion of agility.
You feel agile all of a sudden.
You are feeling hungry.
* * * LOW HITPOINT WARNING * * *
You feel sick. The hornet stings you!
You die...

#.######.)....( #.#
#.###### #.# #.#
#.# ###.##### #.#
#.......# #.#
########.# #.#
#.....##.# #####
#####.###.....##.#
....###
#.♣...........##.#
........
#y#####.......##.##
...............l#
#.......##.#.
....... ........#
#....###.....
....... ........#
#....# #.#.## ....#
.....##.# #....#
#.#.# ....# .....
#.# #....# #.#.#
....# .... #.#
###### #.#.# ....#
.... #.# #.#.#


You could see a hornet and a leopard gecko.

Vanquished Creatures
  Sigmund (D:2)
  Edmund (D:4)
  A black bear (D:5)
  3 phantoms (D:4)
  3 ogres
  2 centaurs
  A bullfrog (D:6)
  A scorpion (D:5)
  The ghost of Monsterracer the Ruffian, a weakling TrMo (D:3)
  A bullfrog zombie (D:5)
  An orc priest (D:4)
  2 orc wizards
  2 centaur skeletons
  Jessica (D:2)
  3 iguanas
  A worker ant (D:4)
  Robin (D:4)
  8 adders
  A shadow imp (D:5)
  An adder skeleton (D:4)
  2 worms
  12 dart slugs
  2 leopard geckos
  12 orcs
  4 ball pythons
  7 giant cockroaches
  12 goblins
  10 hobgoblins
  8 jackals
  2 quokkas
  A ball python skeleton (D:4)
  6 bats
  A frilled lizard (D:2)
  9 kobolds
  A leopard gecko skeleton (D:4)
  5 rats
130 creatures vanquished.

Vanquished Creatures (others)
  A jelly (D:4)
1 creature vanquished.

Grand Total: 131 creatures vanquished

Notes
Turn   | Place    | Note
-------+----------+-------------------------------------------
     0 | D:1      | muxecoid the High Elf Wanderer began the quest for the Orb.
     0 | D:1      | muxecoid set off with: a +2 scale mail, a potion of lignification, a +0 shortbow, 27 arrows, a bread ration
     0 | D:1      | Reached XP level 1. HP: 19/19 MP: 2/2
   142 | D:1      | Reached XP level 2. HP: 23/25 MP: 3/3
   374 | D:1      | Reached skill level 2 in Bows
   811 | D:2      | Reached skill level 3 in Bows
   819 | D:2      | Reached XP level 3. HP: 30/30 MP: 4/4
   845 | D:2      | Noticed Sigmund
   959 | D:2      | Found an opulent altar of Gozag.
  1291 | D:3      | Reached XP level 4. HP: 36/36 MP: 5/5
  1295 | D:3      | Reached skill level 4 in Bows
  1304 | D:3      | Noticed Monsterracer's ghost (weakling TrMo)
  1871 | D:3      | Learned a level 3 spell: Mephitic Cloud
  1931 | D:2      | Killed Sigmund
  1931 | D:2      | Reached skill level 5 in Bows
  1931 | D:2      | Reached XP level 5. HP: 17/41 MP: 6/6
  2196 | D:2      | Noticed Jessica
  2210 | D:2      | Killed Jessica
  2329 | D:2      | Reached XP level 6. HP: 46/46 MP: 7/7
  2345 | D:2      | Reached skill level 1 in Dodging
  2486 | D:3      | Killed Monsterracer's ghost
  2761 | D:3      | Noticed Grinder
  2834 | D:4      | Reached skill level 6 in Bows
  2834 | D:4      | Reached skill level 1 in Stealth
  2904 | D:4      | Found Xiuteix's General Store.
  3042 | D:4      | Noticed Edmund
  3070 | D:4      | Killed Edmund
  3070 | D:4      | Reached XP level 7. HP: 22/52 MP: 8/8
  3425 | D:4      | Reached skill level 1 in Conjurations
  3808 | D:4      | Reached skill level 7 in Bows
  3989 | D:4      | Noticed Robin
  4001 | D:4      | Killed Robin
  4062 | D:4      | Reached skill level 8 in Bows
  4062 | D:4      | Reached XP level 8. HP: 56/57 MP: 9/9
  4075 | D:4      | Found a stormy altar of Qazlal.
  4482 | D:4      | Reached skill level 5 in Long Blades
  4625 | D:4      | Found a shadowy altar of Dithmenos.
  4628 | D:4      | Found a snail-covered altar of Cheibriados.
  4691 | D:5      | Entered Level 5 of the Dungeon
  4986 | D:5      | Got a transparent iron ring
  4987 | D:5      | Identified the ring of Satyriasis {rPois rC++ rN+} (You found it on level 5 of the Dungeon)
  5053 | D:5      | Found a staircase to the Ecumenical Temple.
  5060 | Temple   | Entered the Ecumenical Temple
  5178 | Temple   | Became a worshipper of Warmaster Okawaru
  6059 | D:5      | Reached skill level 1 in Spellcasting
  6668 | D:6      | Noticed a hornet
  6781 | D:6      | Found an ancient bone altar of Kikubaaqudgha.
  7112 | D:6      | Paralysed by a hornet for 3 turns
  7116 | D:6      | HP: 2/85 [hornet (4)]
  7117 | D:6      | Mangled by a hornet

Skill      XL: |  1  2  3  4  5  6  7  8 |
---------------+-------------------------+-----
Bows           | 3 5 6 8 |  8.9
Armour         | 2 |  2.1
Long Blades    | 2 4 7 |  7.0
Air Magic      | 2 3 4 |  4.0
Dodging        | 1 2 3 |  3.7
Stealth        | 1 |  1.0
Conjurations   | 2 |  2.1
Spellcasting   | 1 |  1.5
Fighting       | |  6.0
Shields        | |  1.7
Poison Magic   | |  0.8
Evocations     | |  0.6

Action                   |  1- 3 |  4- 6 |  7- 9 || total
-------------------------+-------+-------+-------++-------
Melee: Spear             |    37 |    64 |       ||   101
       Long sword        |     7 |    99 |    44 ||   150
       Scimitar          |       |       |   167 ||   167
 Fire: Shortbow          |    91 |    32 |   111 ||   234
 Cast: Mephitic Cloud    |       |       |     7 ||     7
Evoke: Wand              |       |     3 |     4 ||     7
  Use: Scroll            |       |     6 |     6 ||    12
       Potion            |       |     1 |     3 ||     4
 Stab: Confused          |       |       |     4 ||     4
  Eat: Chunk             |     1 |     5 |    10 ||    16
       Meat ration       |       |       |     1 ||     1
Armor: Scale mail        |    46 |    78 |    33 ||   157
       Skin              |       |    14 |    16 ||    30
       Leather armour    |       |       |    19 ||    19
Dodge: Dodged            |    28 |    86 |   135 ||   249
       Rpst.: Long sword |       |    18 |     4 ||    22
       Scimitar          |       |       |    51 ||    51
